Description

This bold but flexible opener begins with an early Forge, allowing you to research the +1 Armor upgrade. This upgrade significantly enhances the durability of Protoss units, providing them with a significant advantage in early-mid game trades and engagements vs units like Marines and Marauders.

The Forge also unlocks the Photon Cannon, which can deter enemy harassment and aid in holding key positions if the situation dictates.

Replay - 2024-04-02 - (P)Heaven VS (T)Roomba

Build Order

Get SALT Encoding   

  12  0:00  Probe  
  13  0:12  Probe  
  14  0:19  Pylon  
  14  0:24  Probe  
  15  0:37  Probe (Chrono Boost)  
  15  0:38  Gateway  
  16  0:47  Assimilator  
  16  0:48  Probe x2 (Chrono Boost)  
  18  1:03  Probe  
  19  1:15  Probe  
  20  1:25  Nexus  
  20  1:34  Cybernetics Core  
  20  1:37  Probe  
  21  1:42  Assimilator  
  21  1:49  Probe  
  21  1:53  Pylon  
  23  2:11  Sentry (Chrono Boost)  
  26  2:17  Warp Gate  
  26  2:24  Forge  
  26  2:25  Adept (Chrono Boost)  
  33  2:55  Protoss Ground Armor Level 1  
  36  3:10  Twilight Council  
  37  3:19  Gateway  
  39  3:22  Adept (Chrono Boost)  
  39  3:23  Shield Battery  
  41  3:32  Gateway  
  42  3:44  Charge (Chrono Boost)  
  41  4:01  Gateway  
  43  4:06  Robotics Facility  
  45  4:17  Pylon  
  45  4:28  Nexus  
  46  4:32  Pylon  
  46  4:36  Sentry x2  
  51  4:41  Assimilator  
  54  4:52  Observer  
  54  4:53  Pylon  
  54  4:56  Shield Battery  
  54  4:57  Zealot x2  
  57  5:02  Zealot  
  62  5:10  Observer  
  67  5:31  Protoss Ground Weapons Level 1  
  69  6:66  Action  Now you can diversify and build whatever the situation dictates. Usually spam gateway units + appropriate splash
Spawning Tool Build Advisor. Get it on Overwolf

Analysis

+1 Shields early on plus the possibility for early defensive cannons.

Go to:

Details

  • Created by: asdfer4t
  • Published on: Jun 05, 2024
  • Modified on: Jun 07, 2024
  • Patch: 5.0.11
  • Difficulty: Easy
Show
View Real Time Build Order
Export as new Build Order

Comments (0)

There are no comments. Be the first!

Create an account to comment!